 Dungeon Crawl Stone Soup version 0.21.1-1-g345015fe64 (webtiles) character file.

6706 Lothor the Severer (level 11, -3/88 HPs)
             Began as a Hill Orc Fighter on Mar 20, 2018.
             Was an Elder of the Shining One.
             Slain by an unseen horror (4 damage)
             ... on level 11 of the Dungeon.
             The game lasted 00:42:33 (8739 turns).

Lothor the Severer (Hill Orc Fighter)               Turns: 8739, Time: 00:42:35

Health: -3/88      AC: 16    Str: 23    XL:     11   Next: 3%
Magic:  11/11      EV:  6    Int:  8    God:    the Shining One [****..]
Gold:   99         SH:  0    Dex: 10    Spells: 10/10 levels left

rFire    x . .     SeeInvis .   M - +1 battleaxe (elec)
rCold    + . .     Gourm    .   (shield currently unavailable)
rNeg     + + .     Faith    +   G - +0 plate armour
rPois    .         Spirit   .   (no helmet)
rElec    .         Reflect  .   J - +1 cloak {MR+}
rCorr    .         Harm     .   u - +0 pair of gloves
MR       +....                  t - +0 pair of boots
Stlth    ..........             E - amulet of faith
HPRegen  0.24/turn              v - ring of ice
MPRegen  0.12/turn              (no ring)

@: very slightly contaminated, glowing
A: no striking features
a: Divine Shield, Cleansing Flame, Renounce Religion, Convert to Beogh


You were on level 11 of the Dungeon.
You worshipped the Shining One.
The Shining One was greatly pleased with you.
You were near starving.

You visited 1 branch of the dungeon, and saw 11 of its levels.

You collected 618 gold pieces.
You spent 519 gold pieces at shops.

Inventory:

Hand Weapons
 a - a +0 war axe
 b - a cursed -2 shortbow
 M - a +1 battleaxe of electrocution (weapon)
Missiles
 m - 377 stones (quivered)
 w - 187 arrows
Armour
 c - a +0 shield
 t - a +0 pair of boots (worn)
 u - a +0 pair of gloves (worn)
 D - a +0 large shield
 G - a +0 plate armour (worn)
 J - a +1 cloak of magic resistance (worn)
 L - a scarf of repulsion
Jewellery
 v - a ring of ice (left hand)
 E - an amulet of faith (around neck)
Wands
 e - a wand of digging (14)
 A - a wand of disintegration (12)
 F - a wand of iceblast (10)
 K - a wand of enslavement (7)
Scrolls
 i - 8 scrolls of remove curse
 j - 2 scrolls of random uselessness
 q - 3 scrolls of magic mapping
 r - 5 scrolls of teleportation
 y - a scroll of amnesia {unknown}
 H - a scroll of noise {unknown}
 I - a scroll of enchant armour {unknown}
 O - a scroll of torment {unknown}
 Q - a scroll of identify
Potions
 d - 2 potions of might
 h - 4 potions of agility
 k - 3 potions of lignification
 l - 4 potions of flight {unknown}
 n - 3 potions of heal wounds
 o - 3 potions of haste
 p - a potion of cancellation
 s - 2 potions of resistance
 x - 4 potions of curing {unknown}
 z - 2 potions of brilliance
 B - a potion of mutation {unknown}
 C - 3 potions of degeneration {unknown}
Miscellaneous
 P - a box of beasts
Comestibles
 f - 13 rations
 N - 4 chunks of flesh


   Skills:
 - Level 5.2 Fighting
 + Level 18.7 Axes
 - Level 4.2 Armour
 - Level 0.3 Dodging
 - Level 0.1 Stealth
 - Level 4.3 Shields


You had 10 spell levels left.
You didn't know any spells.

Dungeon Overview and Level Annotations

Branches:
Dungeon (11/15)            Temple (0/1) D:4
   Lair: D:8-11         Orc: D:9-12

Altars:
Cheibriados
Gozag
Hepliaklqana
Makhleb
Nemelex Xobeh
Qazlal
Ru
Uskayaw
Vehumet
Xom
The Shining One

Shops:
D:4 %   D:5 (   D:7 ([((?


Message History

You slice one of the nine-headed hydra's heads off!
The eight-headed hydra grows two more!
You slice the ten-headed hydra!!
Lightning courses through the ten-headed hydra!
You completely miss the hungry ghost. You slice the warg!!
Lightning courses through the warg!
You kill the warg!
The unseen horror barely misses you. The hungry ghost hits you.
You are near starving!
A warg comes into view.
Aiming: Dig
Press: ? - help, Shift-Dir - straight line, f - you Sorry, you can't target yourself.
Okay, then.
You lop one of the ten-headed hydra's heads off!
The nine-headed hydra grows two more!
You slice the 11-headed hydra!!
The 11-headed hydra is severely wounded.
You hit the hungry ghost. You slash the unseen horror!
You hit the orc wizard but do no damage.
The unseen horror hits you.
You die... #####o# .. #.oooo#

...
###@########...
#.DWx.....h...
#.$........#
#.....T....# #
#............#.#
#..#............#
'.##..........###
## ########.###
###.#


You could see a 11-headed hydra, a troll, an unseen horror (invisible), a hungry
ghost, a warg, an orc priest, 2 orc wizards and 2 orcs.

Vanquished Creatures
  Pikel (D:4)
  A merfolk (D:9)
  A hippogriff (D:10)
  Sigmund (D:4)
  11 yaks
  A warg (D:11)
  Menkaure (D:4)
  2 water moccasins
  2 slaves (D:4)
  2 ice beasts
  2 sky beasts
  A hornet zombie (D:6)
  2 orc warriors (D:7)
  3 necrophages
  2 phantoms
  7 ogres
  3 centaurs
  A big kobold (D:10)
  2 bullfrogs
  3 scorpions
  2 howler monkeys
  6 crimson imps
  2 centaur zombies
  3 hounds
  2 bullfrog skeletons
  4 jellies
  4 orc priests
  2 iguanas (D:9)
  3 orc wizards
  9 worker ants
  3 hound skeletons
  A worker ant zombie (D:9)
  7 gnolls
  6 adders
  A howler monkey skeleton (D:8)
  A shadow imp (D:6)
  3 oozes
  An adder skeleton (D:4)
  3 worms
  2 dart slugs
  9 leopard geckos
  20 orcs
  3 ball pythons
  6 giant cockroaches
  7 goblins
  7 hobgoblins
  24 jackals
  5 kobolds
  7 quokkas
  7 bats
  7 frilled lizards
  A leopard gecko zombie (D:6)
  A quokka zombie (D:7)
  5 rats
223 creatures vanquished.

Vanquished Creatures (others)
  An adder (D:4)
1 creature vanquished.

Grand Total: 224 creatures vanquished

Notes
Turn   | Place    | Note
-------+----------+-------------------------------------------
     0 | D:1      | Lothor the Hill Orc Fighter began the quest for the Orb.
     0 | D:1      | Reached XP level 1. HP: 19/19 MP: 1/1
    66 | D:1      | Reached skill level 3 in Axes
    75 | D:1      | Reached XP level 2. HP: 20/26 MP: 2/2
   167 | D:1      | Reached skill level 4 in Axes
   332 | D:1      | Reached XP level 3. HP: 31/31 MP: 3/3
   997 | D:2      | Reached skill level 5 in Axes
  1188 | D:2      | Found an opulent altar of Gozag.
  1224 | D:2      | Found a glowing golden altar of the Shining One.
  1226 | D:2      | Found a sacrificial altar of Ru.
  1233 | D:2      | Became a worshipper of the Shining One
  1389 | D:2      | Found a shimmering altar of Xom.
  1394 | D:2      | Reached XP level 4. HP: 37/39 MP: 4/4
  1701 | D:3      | Found a snail-covered altar of Cheibriados.
  1771 | D:3      | Noticed a necrophage
  1776 | D:3      | Reached skill level 6 in Axes
  1781 | D:3      | Reached XP level 5. HP: 36/45 MP: 5/5
  1798 | D:3      | Killed a necrophage
  1798 | D:3      | Reached skill level 7 in Axes
  2064 | D:3      | You fall through a shaft for 2 floors!
  2064 | D:5      | Entered Level 5 of the Dungeon
  2066 | D:5      | Reached skill level 8 in Axes
  2066 | D:5      | Reached XP level 6. HP: 49/50 MP: 6/6
  2091 | D:5      | Reached skill level 9 in Axes
  2378 | D:5      | Reached XP level 7. HP: 31/56 MP: 7/7
  2645 | D:4      | Reached skill level 10 in Axes
  2914 | D:4      | Noticed Sigmund
  2924 | D:4      | Reached * piety under the Shining One
  2929 | D:4      | Killed Sigmund
  2929 | D:4      | Reached skill level 11 in Axes
  3068 | D:4      | Reached XP level 8. HP: 61/63 MP: 8/8
  3136 | D:4      | Found a staircase to the Ecumenical Temple.
  3283 | D:4      | Noticed Pikel
  3301 | D:4      | Killed Pikel
  3301 | D:4      | Reached skill level 13 in Axes
  3704 | D:4      | Found Odestrott's Food Emporium.
  3797 | D:4      | Noticed Menkaure
  3801 | D:4      | Killed Menkaure
  3948 | D:5      | Found Cawustur's Antique Weapon Shop.
  4044 | D:5      | Reached skill level 14 in Axes
  4044 | D:5      | Reached XP level 9. HP: 61/69 MP: 9/9
  4511 | D:6      | Found a sparkling altar of Nemelex Xobeh.
  4565 | D:6      | Found a burning altar of Makhleb.
  4618 | D:6      | Found a stormy altar of Qazlal.
  4689 | D:6      | Reached ** piety under the Shining One
  4707 | D:6      | Reached skill level 15 in Axes
  4900 | D:6      | Found a hazy altar of Hepliaklqana.
  4994 | D:6      | Found an opulent altar of Gozag.
  5291 | D:7      | Found Ecyc's Antique Armour Shop.
  5422 | D:7      | Bought a glowing cloak for 225 gold pieces
  5495 | D:7      | Found Raficsai's Weapon Shop.
  5508 | D:7      | Found Zodghyxzi's Antique Weapon Emporium.
  5513 | D:7      | Reached skill level 16 in Axes
  5749 | D:7      | Found Tinowkaill's Magic Scroll Shoppe.
  6244 | D:7      | Reached XP level 10. HP: 79/79 MP: 10/10
  6393 | D:7      | Found Faxiheq's Weapon Emporium.
  6854 | D:8      | Reached skill level 5 in Fighting
  7028 | D:8      | Found a hide-covered altar of Uskayaw.
  7119 | D:7      | Bought a runed battleaxe for 294 gold pieces
  7243 | D:9      | Reached *** piety under the Shining One
  7292 | D:9      | Found a radiant altar of Vehumet.
  7397 | D:9      | Reached skill level 17 in Axes
  7944 | D:10     | Entered Level 10 of the Dungeon
  8189 | D:10     | Reached **** piety under the Shining One
  8295 | D:10     | Reached skill level 18 in Axes
  8564 | D:10     | Reached XP level 11. HP: 71/87 MP: 11/11
  8685 | D:11     | Noticed a six-headed hydra
  8708 | D:11     | Noticed an unseen horror
  8722 | D:11     | HP: 3/88 [nine-headed hydra (8)]
  8722 | D:11     | The Shining One protects you from harm!
  8737 | D:11     | HP: 1/88 [warg (9)]
  8739 | D:11     | Slain by an unseen horror

Skill      XL: |  1  2  3  4  5  6  7  8  9 10 |
---------------+-------------------------------+-----
Axes           | 3 4 5 6 8 9 11 14 16 18 | 18.7
Fighting       | 4 5 |  5.2
Armour         | 4 |  4.2
Shields        | 4 |  4.3
Dodging        | |  0.3
Stealth        | |  0.1

Action                   |  1- 3 |  4- 6 |  7- 9 | 10-12 || total
-------------------------+-------+-------+-------+-------++-------
Melee: War axe           |   132 |    94 |   283 |    21 ||   530
       Battleaxe         |       |       |       |   127 ||   127
  Use: Scroll            |     2 |       |    10 |     5 ||    17
       Potion            |       |       |       |     2 ||     2
  Eat: Chunk             |     2 |     2 |     7 |     7 ||    18
       Ration            |       |       |     2 |       ||     2
Armor: Scale mail        |    54 |    31 |    18 |       ||   103
       Plate armour      |       |       |    79 |   113 ||   192
Dodge: Dodged            |    31 |    26 |    30 |    52 ||   139
Block: Shield            |    60 |    43 |    85 |     7 ||   195
